 Dungeon Crawl Stone Soup version 0.21.1-1-g345015f (webtiles) character file.

750 shakethe the Ogre Mage (level 7, -18/70 HPs)
             Began as an Ogre Fire Elementalist on Feb 18, 2018.
             Engulfed by a cloud of flame (23 damage)
             ... on level 4 of the Dungeon.
             The game lasted 00:15:01 (5677 turns).

shakethe the Ogre Mage (Ogre Fire Elementalist)     Turns: 5677, Time: 00:15:01

Health: -18/70     AC:  6    Str: 13    XL:     7   Next: 78%
Magic:  3/13       EV: 14    Int: 18    God:
Gold:   160        SH:  0    Dex:  9    Spells: 6/14 levels left

rFire    . . .     SeeInvis .   g - +0 whip
rCold    + . .     Gourm    .   (no shield)
rNeg     . . .     Faith    .   y - +2 robe {rC+}
rPois    .         Spirit   .   l - +1 hat
rElec    .         Reflect  .   (no cloak)
rCorr    .         Harm     .   (gloves unavailable)
MR       .....                  (boots unavailable)
Stlth    +.........             x - amulet of magic regeneration
HPRegen  0.21/turn              m - +4 ring of evasion
MPRegen  0.38/turn              (no ring)

@: very slightly contaminated
A: large, unfitting armour, tough skin 1
a: no special abilities


You were on level 4 of the Dungeon.
You were very hungry.

You visited 1 branch of the dungeon, and saw 4 of its levels.

You collected 160 gold pieces.

Inventory:

Hand Weapons
 e - a cursed +0 dagger
   (You found it on level 1 of the Dungeon)
 g - a +0 whip (weapon)
   (You took it off a kobold on level 1 of the Dungeon)
Missiles
 i - 4 large rocks (quivered) {!d}
 w - 25 stones
Armour
 l - a +1 hat (worn)
   (You found it on level 2 of the Dungeon)
 y - a +2 robe of cold resistance (worn)
   (You took it off Dowan on level 4 of the Dungeon)
Jewellery
 m - a +4 ring of evasion (left hand)
   (You found it on level 2 of the Dungeon)
 x - an amulet of magic regeneration (around neck)
   (You took it off a gnoll on level 4 of the Dungeon)
Wands
 u - a wand of flame (53)
   (You took it off a gnoll on level 4 of the Dungeon)
 v - a wand of scattershot (6)
   (You found it on level 4 of the Dungeon)
Scrolls
 d - a scroll of enchant armour {unknown}
 f - a scroll of fog {unknown}
 k - 3 scrolls of identify {unknown}
 o - 2 scrolls of fear {unknown}
 p - 2 scrolls of remove curse {unknown}
 s - 2 scrolls of amnesia {unknown}
 t - 4 scrolls of teleportation {unknown}
Potions
 h - 3 potions of degeneration {unknown}
 j - 2 potions of invisibility {unknown}
 n - a potion of might {unknown}
 q - a potion of heal wounds
 r - a potion of magic {unknown}
Books
 b - a book of Flames
Comestibles
 c - 8 rations


   Skills:
 + Level 4.0 Fighting
 + Level 2.7 Maces & Flails
 + Level 3.0 Throwing
 - Level 1.7 Dodging
 - Level 1.5 Stealth
 + Level 4.4 Spellcasting
 + Level 3.1 Conjurations
 + Level 4.1 Fire Magic


You had 6 spell levels left.
You knew the following spells:

 Your Spells              Type           Power        Failure   Level  Hunger
a - Flame Tongue          Conj/Fire      ###..        3%          1    None
c - Conjure Flame         Conj/Fire      ###.....     10%         3    ###....
s - Sticky Flame          Conj/Fire      ###.....     30%         4    ####...


Dungeon Overview and Level Annotations

Branches:
Dungeon (4/15)
 Temple: D:4-7

Altars:


Innate Abilities, Weirdness & Mutations

You are too large for most types of armour.
You have tough skin. (AC +1)


Message History

Something hits you but does no damage.
You now have 9/13 mp.
You see a ghostly outline there, and the spell fizzles.
Something hits you but does no damage.
You now have 6/13 mp.
You hit something. Something hits you but does no damage.
You miss something. Something hits you.
You take 3 damage, and have 61/70 hp.
Okay, then.
You can't see any susceptible monsters within range! (Use Z to cast anyway.)
You miscast Sticky Flame.
You are very lightly contaminated with residual magic.
The air around you crackles with energy!
Something hits you.
You now have 3/13 mp.
You don't know that spell.
You hit something.
You hear some strange, mumbled words.
You are confused.
You bump into the rock wall.
Something hits you.
You take 5 damage, and have 56/70 hp.
You closely miss something. Something hits you.
You take 3 damage, and have 53/70 hp.
You bump into the rock wall.
Something barely misses you.
You bump into the rock wall.
Something hits you but does no damage.
You bump into the rock wall.
Something hits you but does no damage.
You miss something. Something hits you.
You take 3 damage, and have 51/70 hp.
You bump into the rock wall.
You feel less confused.
You hear some strange, mumbled words.
Something tries to affect you, but you resist.
Okay, then.
You miscast Sticky Flame.
The air around you burns with energy!
You are feeling hungry.
Something hits you.
You take 1 damage, and have 50/70 hp.
You now have 3/13 mp.
Okay, then.
You hit something. Something hits you.
You take 1 damage, and have 49/70 hp.
You closely miss something.
An orc wizard appears from thin air!
Reactivating autopickup.
Something hits you but does no damage.
Deactivating autopickup; reactivate with Ctrl-A.
You miss something. Something hits you.
You take 1 damage, and have 48/70 hp.
You miss something. You miss something.
The orc wizard gestures wildly while chanting.
The orc wizard flickers and vanishes!
Something hits you but does no damage.
You hit something but do no damage. Something hits you.
You hit something. Something hits you but does no damage.
You miss something.
An orc wizard appears from thin air!
Reactivating autopickup.
The orc wizard hits you but does no damage.
You hit the orc wizard but do no damage.
The orc wizard hits you but does no damage.
You hit the orc wizard.
The orc wizard hits you but does no damage.
You closely miss the orc wizard.
The orc wizard hits you but does no damage.
Aim: an orc wizard, wielding a dagger and wearing a robe (severely wounded)
The flame tongue hits the orc wizard.
The orc wizard hits you with a dagger.
You take 2 damage, and have 47/70 hp.
You now have 6/13 mp.
Aim: an orc wizard, wielding a dagger and wearing a robe (almost dead)
The flame tongue hits the orc wizard.
You kill the orc wizard!
You now have 5/13 mp.
Aim: a scorpion You miscast Sticky Flame.
Sparks fly from your hands! The scorpion misses you.
You now have 4/13 mp.
The scorpion barely misses you.
Aim: a scorpion You miscast Sticky Flame.
Your skin tingles.
You are feeling very hungry.
The scorpion closely misses you.
You now have 2/13 mp.
The scorpion stings you.
You take 3 damage, and have 47/70 hp.
Aim: a scorpion You miscast Sticky Flame.
Fire whirls out from your hands! 2 fire vortices come into view.
The scorpion stings you.
You take 2 damage, and have 46/70 hp.
You now have 2/13 mp.
You barely miss the fire vortex. The scorpion stings you.
The fire vortex hits you. The fire vortex burns you!
You take 16 damage, and have 30/70 hp.
MASSIVE DAMAGE!!
Really walk into that cloud of flame?
You are engulfed in blazing flames.
* * * LOW HITPOINT WARNING * * *
The fire vortex closely misses you.
You take 25 damage, and have 5/70 hp.
MASSIVE DAMAGE!!
You hit the fire vortex.
You are engulfed in blazing flames.
You die...

.####################.#
.# #.# .# #.# .########
#.####### .........
#.#.....# .########
#.#.###.# .# #.#.# #.#
.#######
###.########.#.###.#
........
......v@s..og.....>#####
.#......
....##########..##....og
.#..#### # #..##.####.
##..# #..g..# #.
.#..###### ##.#### #.
.......... #.# #o
.#..#..... #.# #. .#..#
### #.# #g .#..# #.# #.


You could see a fire vortex, a scorpion, a gnoll and an orc.

Vanquished Creatures
  The ghost of Scuka the Ruffian, an amateur TrMo (D:4)
  Duvessa (D:4)
  Dowan (D:4)
  5 killer bees (D:3)
  Jessica (D:2)
  An orc wizard (D:4)
  3 gnolls (D:4)
  5 adders
  2 oozes (D:2)
  2 worms (D:2)
  3 dart slugs
  4 leopard geckos
  6 orcs
  9 goblins
  10 hobgoblins
  6 jackals
  7 kobolds
  A quokka (D:2)
  10 bats
  4 frilled lizards
  7 rats
89 creatures vanquished.

Vanquished Creatures (others)
  A kraken (D:1)
  A minotaur (D:1)
  A draconian (D:1)
  An octopode (D:1)
  A vine stalker (D:1)
  An elf (D:1)
  A troll (D:1)
  A formicid (D:1)
  A human (D:1)
  A dwarf (D:1)
  An orc (D:1)
  A fire vortex (D:4)
  8 tentacles (D:1)
20 creatures vanquished.

Grand Total: 109 creatures vanquished

Notes
Turn   | Place    | Note
-------+----------+-------------------------------------------
     0 | D:1      | shakethe the Ogre Fire Elementalist began the quest for the Orb.
     0 | D:1      | Reached XP level 1. HP: 16/16 MP: 3/3
     0 | D:1      | Noticed a human
     0 | D:1      | Noticed a vine stalker
     0 | D:1      | Noticed a ghoul
     0 | D:1      | Noticed a minotaur
     0 | D:1      | Noticed a kraken
     0 | D:1      | Noticed a draconian
     0 | D:1      | Noticed an octopode
     0 | D:1      | Noticed an octopode
     0 | D:1      | Noticed a dwarf
     0 | D:1      | Noticed a troll
     0 | D:1      | Noticed an elf
     0 | D:1      | Noticed a formicid
     4 | D:1      | Killed an octopode
     4 | D:1      | Killed a minotaur
     5 | D:1      | Killed a human
     6 | D:1      | Killed a vine stalker
    10 | D:1      | Killed a draconian
    13 | D:1      | Killed an elf
    14 | D:1      | Killed a formicid
    15 | D:1      | Killed a troll
    16 | D:1      | Killed a dwarf
    17 | D:1      | Killed a kraken
   120 | D:1      | Reached skill level 1 in Conjurations
   201 | D:1      | Reached XP level 2. HP: 18/24 MP: 2/5
   229 | D:1      | HP: 6/26 [jackal (2)]
   232 | D:1      | HP: 1/26 [jackal (3)]
   952 | D:1      | Reached skill level 1 in Fighting
   985 | D:1      | Reached XP level 3. HP: 33/33 MP: 4/7
  1308 | D:2      | Reached skill level 3 in Fire Magic
  1874 | D:2      | Reached skill level 1 in Throwing
  1877 | D:2      | Reached skill level 3 in Spellcasting
  1877 | D:2      | Reached XP level 4. HP: 36/41 MP: 1/8
  1888 | D:2      | Learned a level 3 spell: Conjure Flame
  1893 | D:2      | Learned a level 4 spell: Sticky Flame
  1964 | D:2      | Noticed Jessica
  1976 | D:2      | Killed Jessica
  1976 | D:2      | Reached skill level 1 in Maces & Flails
  2660 | D:3      | Reached skill level 2 in Fighting
  2670 | D:3      | HP: 8/42 [orc/flail (8)]
  2671 | D:3      | Reached XP level 5. HP: 10/49 MP: 1/9
  3366 | D:3      | Reached skill level 2 in Conjurations
  3441 | D:3      | HP: 9/49 [killer bee (4)]
  3446 | D:3      | HP: 7/50 [poisoned by a killer bee]
  3452 | D:3      | HP: 6/50 [poisoned by a killer bee]
  3460 | D:3      | HP: 6/50 [poisoned by a killer bee]
  3577 | D:4      | Noticed Scuka's ghost (amateur TrMo)
  3589 | D:3      | Reached skill level 2 in Throwing
  3589 | D:3      | Reached XP level 6. HP: 27/59 MP: 6/11
  3758 | D:3      | HP: 14/59 [poisoned by a killer bee]
  3763 | D:3      | HP: 12/59 [poisoned by a killer bee]
  3768 | D:3      | HP: 11/59 [poisoned by a killer bee]
  3775 | D:3      | HP: 10/59 [poisoned by a killer bee]
  3783 | D:3      | HP: 10/59 [poisoned by a killer bee]
  4064 | D:3      | Reached skill level 3 in Fighting
  4064 | D:3      | Reached skill level 2 in Maces & Flails
  4486 | D:4      | Noticed Dowan
  4763 | D:4      | Noticed Duvessa
  4813 | D:4      | Killed Duvessa
  4813 | D:4      | Reached skill level 4 in Spellcasting
  4813 | D:4      | Reached XP level 7. HP: 28/67 MP: 0/13
  4994 | D:4      | Killed Scuka's ghost
  4994 | D:4      | Reached skill level 3 in Conjurations
  4994 | D:4      | Reached skill level 4 in Fire Magic
  5240 | D:4      | Killed Dowan
  5240 | D:4      | Reached skill level 4 in Fighting
  5240 | D:4      | Reached skill level 3 in Throwing
  5676 | D:4      | HP: 5/70 [something (25)]
  5677 | D:4      | Engulfed by a cloud of flame

Skill      XL: |  1  2  3  4  5  6  7 |
---------------+----------------------+-----
Conjurations   | 1 2 3 |  3.1
Fighting       | 1 2 3 4 |  4.0
Fire Magic     | 3 4 |  4.1
Throwing       | 1 2 3 |  3.0
Spellcasting   | 3 4 |  4.4
Maces & Flails | 1 2 |  2.7
Dodging        | |  1.7
Stealth        | |  1.5

Action                   |  1- 3 |  4- 6 |  7- 9 || total
-------------------------+-------+-------+-------++-------
Melee: Whip              |    62 |    87 |    19 ||   168
       Unarmed           |     2 |       |       ||     2
Throw: Large rock        |       |     5 |     3 ||     8
 Cast: Flame Tongue      |    56 |    96 |    27 ||   179
       Conjure Flame     |       |     2 |     3 ||     5
  Use: Potion            |       |     1 |       ||     1
  Eat: Chunk             |     3 |     9 |     3 ||    15
Armor: Robe              |    48 |    45 |    15 ||   108
Dodge: Dodged            |    74 |   114 |    21 ||   209

Vault maps used:
D:1:      nicolae_arrival_kraken_aquarium_a
D:2:      first_ration, grunt_ministairs_8, kennysheep_jessica_study
D:4:      makhleb_blood_cavern_becter, uniq_duvessa

Table legend:
 A = Turns spent in this place as a percentage of turns spent in the entire game.
 B = Non-inter-level travel turns spent in this place as a percentage of non-inter-level travel turns spent in the entire game.
 C = Inter-level travel turns spent in this place as a percentage of turns spent in this place.
 D = Turns resting spent in this place as a percentage of non-inter-level travel turns spent in this place.
 E = Turns spent auto-exploring this place as a percentage of non-inter-level travel turns spent in this place.
 F = Non-inter-level travel turns spent in this place divided by the number of levels of this place that you've seen.
                   A       B       C       D       E      F
               +-------+-------+-------+-------+-------+----------------------
         Total | 100.0 | 100.0 |   0.0 |  46.5 |  25.2 | 1419.2
       Dungeon | 100.0 | 100.0 |   0.0 |  46.5 |  25.2 | 1419.2
               +-------+-------+-------+-------+-------+----------------------

Table legend:
 A = Kills in this place as a percentage of kills in entire the game.
 B = Kills by you in this place as a percentage of kills by you in the entire game.
 C = Kills by friends in this place as a percentage of kills by friends in the entire game.
 D = Other kills in this place as a percentage of other kills in the entire game.
 E = Experience gained in this place as a percentage of experience gained in the entire game.
 F = Experience gained in this place divided by the number of levels of this place that you have seen.
                   A       B       C       D       E      F
               +-------+-------+-------+-------+-------+----------------------
         Total | 100.0 | 100.0 |   N/A |   N/A | 100.0 | 268.0
       Dungeon | 100.0 | 100.0 |   N/A |   N/A | 100.0 | 268.0
               +-------+-------+-------+-------+-------+----------------------
